 Dungeon Crawl Stone Soup version 0.26.0-20-g3ca415f5b8 (webtiles) character file.

Game seed: 8571189094371827151

40 kaeus the Firebug (level 3, 0/19 HPs)
             Began as a Gargoyle Fire Elementalist on Jan 25, 2021.
             Slain by a gnoll
             ... wielding a +0 spear
              (8 damage)
             ... on level 2 of the Dungeon.
             The game lasted 00:01:51 (2006 turns).

kaeus the Firebug (Gargoyle Fire Elementalist)      Turns: 2006, Time: 00:01:51

Health: 0/19       AC:  5    Str: 11    XL:     3   Next: 50%
Magic:  1/6        EV: 12    Int: 16    God:
Gold:   53         SH:  0    Dex: 10    Spells: 5/6 levels left

rFire    . . .     SeeInvis .   d - +0 spear
rCold    . . .     Faith    .   (no shield)
rNeg     + . .     Spirit   .   a - +0 robe
rPois    ∞         Reflect  .   (no helmet)
rElec    +         Harm     .   (no cloak)
rCorr    .         Rampage  .   (no gloves)
Will     .....                  (no boots)
Stlth    ++........             h - amulet of inaccuracy (curse)
HPRegen  0.06/turn              (no ring)
MPRegen  0.10/turn              (no ring)

@: no status effects
A: negative energy resistance 1, electricity resistance, unbreathing,
petrification resistance, miasma immunity, AC +3
a: no special abilities


You were on level 2 of the Dungeon.
You visited 1 branch of the dungeon, and saw 2 of its levels.

You collected 53 gold pieces.

Inventory:

Hand Weapons
 d - a +0 spear (weapon)
Armour
 a - a +0 robe (worn)
Jewellery
 c - an uncursed amulet of the acrobat
 h - a cursed amulet of inaccuracy (around neck)
Scrolls
 b - 3 scrolls of identify
 i - a scroll of remove curse {unknown}
 j - a scroll of blinking {unknown}
Potions
 e - a potion of flight {unknown}
 f - a potion of cancellation
 g - a potion of brilliance {unknown}
 k - a potion of curing {unknown}


   Skills:
 + Level 1.9 Dodging
 + Level 2.7 Stealth
 + Level 2.3 Spellcasting
 + Level 1.9 Conjurations
 + Level 3.3 Fire Magic


You had 5 spell levels left.
You knew the following spells:

 Your Spells              Type           Power        Failure   Level
a - Foxfire               Conj/Fire      40%          7%          1

Your spell library contained the following spells:

 Spells                   Type           Power        Failure   Level
 Conjure Flame            Conj/Fire      10%          21%         3
 Inner Flame              Hex/Fire       7%           30%         3
 Sticky Flame             Conj/Fire      10%          56%         4
 Fireball                 Conj/Fire      5%           88%         5


Dungeon Overview and Level Annotations

Branches:
Dungeon (2/15)

Altars:


Innate Abilities, Weirdness & Mutations

You are resistant to torment.
Your stone body is resilient. (AC +3)
You are immune to poison.
You resist negative energy. (rN+)
You are resistant to electric shocks. (rElec)
You can survive without breathing.
You are immune to petrification.
You are immune to miasma.


Message History

There are monsters nearby!
You are too injured to fight recklessly!
There are monsters nearby!
You are too injured to fight recklessly!
There are monsters nearby!
You are too injured to fight recklessly!
There are monsters nearby!
You are too injured to fight recklessly!
There are monsters nearby!
You are too injured to fight recklessly!
There are monsters nearby!
You are too injured to fight recklessly!
There are monsters nearby!
You hit the gnoll but do no damage.
The gnoll is lightly wounded.
The gnoll hits you but does no damage. The gnoll barely misses you.
You closely miss the gnoll.
The gnoll is lightly wounded.
The gnoll hits you from afar with a +0 spear!
You die...

#########
..............
.............#
.....).......# .#
#.............####..#.
........[............
.............@.....#
#...........#g).....
#...##......#.g..<#. #
#...#.#####.#..#$...
#.#...#.#####.#... .#.
###.#.#......##.#.... #
........#....##.#.....
###.#...#....##.#.....#
....#..##....##.#


You could see 2 gnolls.

Vanquished Creatures
  A gnoll (D:2)
  A leopard gecko (D:1)
  5 bats (D:1)
  2 giant cockroaches (D:1)
  5 goblins (D:1)
  4 hobgoblins
  2 kobolds (D:1)
  2 giant cockroach zombies (D:1)
  5 rats
27 creatures vanquished.

Vanquished Creatures (others)
  95 foxfires
95 creatures vanquished.

Grand Total: 122 creatures vanquished

Notes
Turn   | Place    | Note
-------+----------+-------------------------------------------
     0 | D:1      | kaeus the Gargoyle Fire Elementalist began the quest for
                  | the Orb.
     0 | D:1      | Reached XP level 1. HP: 10/10 MP: 3/3
   409 | D:1      | Reached XP level 2. HP: 15/15 MP: 0/5
  1251 | D:1      | Reached XP level 3. HP: 16/19 MP: 3/6
  2006 | D:2      | Slain by a gnoll

Illustrated notes

Levels and vault maps discovered:
D:1:      saegor_arrival_fortress, layout_loops_ring, kennysheep_boxes
D:2:      layout_basic, zin_statuary, eat_drink_and_be_merry_uskayaw,
          minmay_bisected

Action                   || total
-------------------------++-------
Melee: Spear             ||    56
 Cast: Foxfire           ||    60
  Use: Scroll            ||     2
 Stab: Sleeping          ||     1
Armor: Robe              ||    17
Dodge: Dodged            ||    43
